 Dungeon Crawl Stone Soup version 0.28-a0-1506-g3893175d92 (webtiles) character file.

Game seed: 16829622741618407942

358 fragbeetle the Digger (level 6, -1/36 HPs)
             Began as a Gargoyle Earth Elementalist on Jan 13, 2022.
             Was an Initiate of Gozag.
             Slain by Edmund (7 damage)
             ... on level 4 of the Dungeon.
             The game lasted 00:12:30 (4610 turns).

fragbeetle the Digger (Gargoyle Earth Elementalist) Turns: 4610, Time: 00:12:31

Health: -1/36      AC:  8    Str: 14    XL:     6   Next: 64%
Magic:  0/9        EV: 12    Int: 15    God:    Gozag
Gold:   253        SH:  0    Dex: 10    Spells: 5/9 levels left

rFire   . . .      SeeInvis .   r - staff of death
rCold   . . .      Faith    .   (no shield)
rNeg    + + .      Spirit   .   o - +0 leather armour
rPois   ∞          Reflect  .   k - +0 helmet
rElec   +          Harm     .   q - scarf {repulsion}
rCorr   .          Rampage  .   (no gloves)
Will    .....                   (no boots)
Stlth   ++........              (no amulet)
HPRegen 0.12/turn               (no ring)
MPRegen 0.11/turn               (no ring)

@: repel missiles
A: sickness immunity, AC +4, negative energy resistance 1, electricity
resistance, torment resistance 1, petrification resistance
a: Renounce Religion, Potion Petition, Call Merchant, Bribe Branch


You were on level 4 of the Dungeon.
You worshipped Gozag.
Gozag was aware of your devotion.
You visited 1 branch of the dungeon, and saw 4 of its levels.

You collected 276 gold pieces.
You paid 23 gold pieces to Gozag.

Inventory:

Hand Weapons
 e - a +0 mace
 j - a +2 dagger of draining
Missiles
 c - 61 stones
Armour
 i - a +2 ring mail of cold resistance
 k - a +0 helmet (worn)
 o - a +0 leather armour (worn)
 q - a scarf of repulsion (worn)
 s - a scarf of shadows
Magical Staves
 r - a staff of death (weapon)
Scrolls
 a - a scroll of torment {unknown}
 b - a scroll of enchant weapon {unknown}
 d - 3 scrolls of vulnerability {unknown}
 g - a scroll of fear {unknown}
Potions
 f - a potion of cancellation {unknown}
 h - a potion of curing {unknown}
 l - a potion of degeneration {unknown}
 m - a potion of brilliance {unknown}
 n - a potion of haste {unknown}
 p - a potion of lignification {unknown}


   Skills:
 + Level 2.6 Fighting
 - Level 1.0(1.3) Maces & Flails
 + Level 1.2(1.4) Staves
 + Level 2.6 Dodging
 + Level 3.9 Stealth
 - Level 2.0 Spellcasting
 + Level 1.3 Conjurations
 - Level 1.0 Transmutations
 * Level 5.6 Earth Magic


You had 5 spell levels left.
You knew the following spells:

 Your Spells              Type           Power      Damage    Failure   Level
a - Sandblast             Erth           36%        2d10      2%          1
b - Stone Arrow           Conj/Erth      24%        3d8       21%         3

Your spell library contained the following spells:

 Spells                   Type           Power      Damage    Failure   Level
 Passwall                 Tmut/Erth      9%         N/A       11%         2
 Animate Skeleton         Necr           4%         N/A       28%         1
 Apportation              Tloc           2%         N/A       28%         1
 Summon Small Mammal      Summ           4%         N/A       28%         1
 Petrify                  Tmut/Erth      11%        N/A       56%         4


Dungeon Overview and Level Annotations

Branches:
Dungeon (4/15)
 Temple: D:4-7

Altars:
Gozag

Annotations:
D:4 Edmund


Innate Abilities, Weirdness & Mutations

You are immune to sickness and miasma.
Your stone body is resilient. (AC +4)
You are immune to poison.
You resist negative energy. (rN+)
You are resistant to electric shocks. (rElec)
You are resistant to unholy torment.
You are immune to petrification.


Message History

Edmund is severely wounded.
Edmund completely misses you.
You hit Edmund but do no damage.
Edmund is severely wounded.
Edmund closely misses you.
The blast of sand hits Edmund.
Edmund is almost dead.
Edmund closely misses you.
The blast of sand hits Edmund but does no damage.
Edmund is almost dead.
Edmund hits you with a +1 flail of holy wrath!
You hit Edmund.
Edmund is almost dead.
Edmund barely misses you.
Edmund hits you with a +1 flail of holy wrath.
You closely miss Edmund.
Edmund is almost dead.
Edmund misses you.
You barely miss Edmund.
Edmund is almost dead.
Edmund hits you with a +1 flail of holy wrath.
You barely miss Edmund.
Edmund is almost dead.
Edmund barely misses you.
You completely miss Edmund.
Edmund is almost dead.
Edmund hits you with a +1 flail of holy wrath.
Edmund hits you with a +1 flail of holy wrath.
* * * LOW HITPOINT WARNING * * *
You are too injured to fight recklessly!
Casting: Sandblast (safe; 2% risk of failure)
Confirm with . or Enter, or press ? or * to list all spells.
Aiming: Sandblast (safe; 2% risk of failure)
Press: ? - help, Shift-Dir - straight line, f/p - Edmund
Aim: Edmund, wielding a +1 flail of holy wrath and wearing a +2 leather armour of cold resistance (almost dead, 79% to hit)
The blast of sand hits Edmund.
Edmund is almost dead.
Edmund hits you with a +1 flail of holy wrath!
You die...
Your body crumbles into a pile of gold.

#...######### #
#.#.........#
#.#.#...#.#.#.##
#.#.#..........#
#.#.#.#.#.#.#..#
.#.#.#........###
#.#.#.#.#.#.....
#....@@.....####
#.#.###.........
#.#.#.#.########
..#.#..........
##.#.#..........
#.#.#.#.######.
.#######....#
.#........#.#
#.########.#


You could see Edmund.

Vanquished Creatures
  A bullfrog (D:3)
  A water moccasin skeleton (D:2)
  An orc priest (D:3)
  Jessica (D:2)
  An orc wizard (D:3)
  Robin (D:2)
  5 adders (D:2)
  An ufetubus (D:4)
  2 worms
  A dart slug (D:1)
  5 orcs (D:3)
  11 bats
  11 endoplasms
  3 giant cockroaches (D:1)
  9 hobgoblins
  3 quokkas
  4 ball pythons
  13 goblins
  6 kobolds
  9 rats
89 creatures vanquished.

Notes
Turn   | Place    | Note
-------+----------+-------------------------------------------
     0 | D:1      | fragbeetle the Gargoyle Earth Elementalist began the quest
                  | for the Orb.
     0 | D:1      | Reached XP level 1. HP: 10/10 MP: 3/3
   314 | D:1      | Reached skill level 1 in Transmutations
   314 | D:1      | Reached XP level 2. HP: 7/16 MP: 3/5
   499 | D:1      | Found a faded altar of an unknown god.
   675 | D:1      | Reached skill level 4 in Earth Magic
  1080 | D:1      | Reached XP level 3. HP: 11/20 MP: 6/6
  1542 | D:2      | Noticed Jessica
  1544 | D:2      | Killed Jessica
  1545 | D:2      | Reached skill level 1 in Fighting
  1576 | D:2      | Reached XP level 4. HP: 15/25 MP: 3/7
  1849 | D:2      | Reached skill level 1 in Maces & Flails
  1849 | D:2      | Reached XP level 5. HP: 6/30 MP: 5/8
  2097 | D:2      | Learned a level 3 spell: Stone Arrow
  2312 | D:2      | Reached skill level 5 in Earth Magic
  2422 | D:2      | Noticed Robin
  2444 | D:2      | Killed Robin
  2769 | D:2      | Found an opulent altar of Gozag.
  2818 | D:2      | Became a worshipper of Gozag Ym Sagoz the Greedy
  3420 | D:3      | Reached skill level 1 in Staves
  3420 | D:3      | Reached skill level 1 in Conjurations
  3420 | D:3      | Reached XP level 6. HP: 25/36 MP: 9/9
  4576 | D:4      | Noticed Edmund
  4610 | D:4      | Slain by Edmund

Illustrated notes

Levels and vault maps discovered:
D:1:      minmay_arrival_three_doors, layout_basic,
          ebering_ecumenical_altar_box, serial_bayou_lagoon_a,
          chequers_serial_rivers_large_a
D:2:      layout_basic, basic_altar, uniq_robin, uniq_jessica
D:3:      layout_loops_ring
D:4:      layout_basic, gammafunk_temple_overflow_statue,
          minmay_temple_entry_crystal_x, serial_co_window_serial,
          co_window_paths_b, co_window_corner_a, co_window_paths_a,
          co_window_of_opportunity_a, co_window_paths_b, co_window_paths_a,
          co_window_corner_a, co_window_corner_b, co_window_broadway_a,
          co_window_corner_ca, co_window_paths_e, co_window_4corner_b,
          glass_columns_b, glass_columns_b, glass_columns_a, glass_columns_b,
          uniq_edmund

Skill      XL: |  1  2  3  4  5 |
---------------+----------------+-----
Transmutations | 1 |  1.0
Earth Magic    | 4 5 |  5.6
Fighting       | 1 2 |  2.6
Dodging        | 2 |  2.6
Maces & Flails | 1 |  1.0
Stealth        | 3 |  3.9
Staves         | 1 |  1.2
Conjurations   | 1 |  1.3
Spellcasting   | |  2.0

Action                   |  1- 3 |  4- 6 || total
-------------------------+-------+-------++-------
Melee: Dagger            |    38 |       ||    38
       Mace              |    41 |   170 ||   211
       Punch             |       |     6 ||     6
       Staff             |       |    39 ||    39
 Cast: Sandblast         |    11 |    46 ||    57
       Stone Arrow       |       |     2 ||     2
 Stab: Sleeping          |     3 |     7 ||    10
Armor: Robe              |    29 |    59 ||    88
       Leather armour    |       |    27 ||    27
Dodge: Dodged            |    52 |   163 ||   215

Table legend: (Time is in decaauts)
 A = Elapsed time spent in this place.
 B = Non-inter-level travel time spent in this place.
 C = Inter-level travel time spent in this place.
 D = Time resting spent in this place.
 E = Time spent auto-exploring this place.
 F = Levels seen in this place.
 G = Mean time per level.
                   A        B        C        D        E       F      G
               +--------+--------+--------+--------+--------+-----+--------+
         Total |   4703 |   4644 |     59 |   1451 |   1994 |   4 | 1175.8 |
       Dungeon |   4703 |   4644 |     59 |   1451 |   1994 |   4 | 1175.8 |
               +--------+--------+--------+--------+--------+-----+--------+

Top non-repeatable levels by time:
     D:1: 1563 daAuts
     D:2: 1486 daAuts
     D:3: 1402 daAuts
     D:4: 250 daAuts
